 Dungeon Crawl Stone Soup version 0.19.4-9-g45fd643 (console) character file.

36661 lanroth the Blocker (level 13, -20/102 HPs)
             Began as a Hill Orc Fighter on Feb 22, 2017.
             Was an Elder of Hepliaklqana.
             Killed from afar by a merfolk (23 damage)
             ... with an exploding inner flame
             ... hexed by the player character
             ... on level 1 of the Shoals.
             The game lasted 02:20:56 (16925 turns).

lanroth the Blocker (Hill Orc Fighter)             Turns: 16925, Time: 02:20:57

Health: -20/102    AC: 18    Str: 23    XL:     13   Next: 91%
Magic:  13/13      EV: 16    Int:  8    God:    Hepliaklqana [****..]
Gold:   346        SH: 14    Dex: 14    Spells: 0 memorised, 12 levels left

rFire  . . .     SeeInvis +     a - +12 falchion "Goblinbane" {flame, MR+}
rCold  . . .     Gourm    .     X - +0 plate armour
rNeg   . . .     Faith    .     c - +1 shield
rPois  .         Spirit   .     B - +0 helmet {SInv}
rElec  .         Reflect  .     (no cloak)
rCorr  .         Harm     .     C - +1 pair of gloves
MR     +....                    (no boots)
Stlth  ..........               (no amulet)
                                E - +3 ring of strength
                                m - ring of Shaolin {EV+8}

@: no status effects
A: reduced essence
a: Recall Ancestor, Ancestor Identity, Transference, Idealise, Renounce Religion


You were on level 1 of the Shoals.
You worshipped Hepliaklqana.
Hepliaklqana was greatly pleased with you.
You were not hungry.

You visited 4 branches of the dungeon, and saw 16 of its levels.

You collected 647 gold pieces.
You spent 301 gold pieces at shops.

Inventory:

Hand Weapons
 a - the +12 falchion "Goblinbane" (weapon) {flame, MR+}
   (You found it on level 7 of the Dungeon)

   It has been specially enchanted to burn those struck by it, causing extra
   injury to most foes and up to half again as much damage against particularly
   susceptible opponents.
   Big, fiery blades are also staple armaments of hydra-hunters.
   It affects your resistance to hostile enchantments.
 b - a +1 mace of draining
 w - a cursed -3 hunting sling
 K - the +1 dagger "Kueckoll" {freeze, *Rage Str+4 Int+2}
   (You found it on level 4 of the Dungeon)

   It has been specially enchanted to freeze those struck by it, causing extra
   injury to most foes and up to half again as much damage against particularly
   susceptible opponents.
   It can also slow down cold-blooded creatures.
   It affects your strength (+4).
   It affects your intelligence (+2).
   It may make you go berserk in combat.
 N - a +1 dire flail of protection
 S - a +0 hunting sling
Missiles
 h - 377 stones (quivered)
 z - 21 arrows
Armour
 c - a +1 shield (worn)
 B - a +0 helmet of see invisible (worn)
 C - a +1 pair of gloves (worn)
 X - a +0 plate armour (worn)
Jewellery
 m - the ring of Shaolin (left hand) {EV+8}
   (You found it on level 2 of the Lair of Beasts)

   [ring of evasion]

   It affects your evasion (+8).
 E - a +3 ring of strength (right hand)
 R - an uncursed ring of fire
Wands
 d - a wand of lightning (12/15)
 g - a wand of iceblast (8/15)
 i - a wand of flame (26/48)
 j - a wand of flame (14/48)
 l - a wand of iceblast (6/15)
 s - a wand of lightning (7/15)
 u - a wand of flame (12/48)
 x - a wand of random effects (16/48)
 y - a wand of polymorph (3/24)
 H - a wand of enslavement (16/24)
 I - a wand of confusion (48/48)
 P - a wand of digging (15/24)
 Y - a wand of enslavement (2/24)
Scrolls
 e - 5 scrolls of immolation
 o - 3 scrolls of remove curse
 p - 7 scrolls of identify
 A - 2 scrolls of teleportation
 J - 3 scrolls of recharging
Potions
 r - 4 potions of brilliance
 G - 3 potions of magic
Miscellaneous
 v - a phial of floods
Comestibles
 f - 11 bread rations
 k - a meat ration
 n - 11 chunks of flesh
 F - 11 royal jellies
 O - 8 fruits


   Skills:
 + Level 10.6 Fighting
 + Level 6.8(9.5) Short Blades
 + Level 11.1(12.0) Long Blades
 + Level 7.1 Maces & Flails
 + Level 0.3(4.0) Slings
 + Level 6.5 Throwing
 + Level 10.9 Armour
 + Level 2.2 Dodging
 + Level 3.4 Stealth
 + Level 12.7 Shields
 + Level 1.0 Unarmed Combat


You had 12 spell levels left.
You didn't know any spells.

Dungeon Overview and Level Annotations

Branches:
Dungeon (10/15)            Temple (0/1) D:6            Lair (3/6) D:8
 Shoals (2/4) Lair:2          Orc (1/2) D:9
  Snake: Lair:2-4    Spider: Lair:2-4

Altars:
Dithmenos
Gozag
Hepliaklqana
Sif Muna
Vehumet
The Shining One

Shops:
D:5 !   D:9 }[

Annotations:
Shoals:2 Frances, Kirke, Polyphemus


Message History

The merfolk completely misses Takurtum.
The merfolk hits you with a trident!
* * * LOW HITPOINT WARNING * * *
Takurtum casts a spell at the merfolk.
The merfolk seems to slow down.
You hit the merfolk. You burn the merfolk.
The merfolk is severely wounded.
You slash the merfolk! You burn the merfolk.
The merfolk is almost dead.
Takurtum hits the merfolk but does no damage.
Takurtum drains the merfolk!
The merfolk hits Takurtum with a trident!!
You block the merfolk's attack.
Okay, then.
You slash the merfolk! You burn the merfolk.
The merfolk explodes!
The fiery explosion engulfs Takurtum.
Takurtum resists.
Takurtum is almost destroyed.
The fiery explosion engulfs you!
You die...

*********************************************************************
*≈≈≈≈≈≈≈≈≈≈≈≈≈≈≈≈≈≈≈≈≈≈≈≈≈≈≈≈≈≈≈≈≈≈≈≈≈≈≈≈≈≈≈≈≈≈≈≈≈≈≈≈≈≈≈≈≈≈≈≈≈≈≈≈≈≈≈≈
*≈≈≈≈≈≈≈≈≈≈≈≈≈≈≈≈≈≈≈≈≈≈≈≈≈≈≈≈≈≈≈≈≈≈≈≈≈≈≈≈≈≈≈≈≈≈≈≈≈≈≈≈≈≈≈≈≈≈≈≈≈≈≈≈≈≈≈≈
*≈≈≈≈≈≈≈≈≈≈≈≈≈≈≈≈≈≈≈≈≈≈≈≈≈≈≈≈≈≈≈≈≈≈≈≈≈≈≈≈≈≈≈≈≈≈≈≈≈≈≈≈≈≈≈≈≈≈≈≈≈≈≈≈≈≈≈≈
*≈≈≈≈≈≈≈≈≈≈≈≈≈≈≈≈≈≈≈≈≈≈≈≈≈≈≈≈≈≈≈≈≈≈≈≈≈≈≈≈≈≈≈≈≈≈≈≈≈≈≈≈≈≈≈≈≈≈≈≈≈≈≈≈≈≈≈≈
*≈≈≈≈≈≈≈≈≈≈≈≈≈≈≈≈≈≈≈≈≈≈≈≈≈≈≈≈≈≈≈≈≈≈≈≈≈≈≈≈≈≈≈≈≈≈≈≈≈≈≈≈≈≈≈≈≈≈≈≈≈≈≈≈≈≈≈≈
*≈≈≈≈≈≈≈≈≈≈≈≈≈≈≈≈≈≈≈≈≈≈≈≈≈≈≈≈≈≈≈≈≈≈≈≈≈≈≈≈≈≈≈≈≈..≈≈≈≈≈≈≈≈≈≈≈≈≈≈≈≈≈≈≈≈≈
*≈≈≈≈≈≈≈≈≈≈≈≈≈≈≈≈≈≈≈≈≈≈≈≈≈≈≈≈≈≈≈≈≈≈≈≈≈≈≈≈≈..≈≈≈..≈≈≈≈≈≈≈≈≈≈≈≈≈≈≈≈≈≈≈≈
*≈≈≈≈≈≈≈≈≈≈≈≈≈≈≈≈≈≈≈≈≈≈≈≈≈≈≈≈≈≈≈≈≈≈≈≈≈≈≈≈.≈≈≈≈≈≈..≈..≈≈.,,,≈≈≈≈≈≈≈≈≈≈
*≈≈≈≈≈≈≈≈≈≈≈≈≈≈≈≈≈≈≈≈≈≈≈≈≈≈≈≈≈≈≈≈≈≈≈≈≈≈,≈≈≈≈≈........≈≈.,,,,≈≈≈≈≈≈≈≈≈
*≈≈≈≈≈≈≈≈≈≈≈≈≈≈≈≈≈≈≈≈≈≈≈≈≈≈≈≈≈≈≈≈≈≈≈≈,,.≈P≈≈PP.......≈..**,,≈≈≈≈≈≈≈≈≈
*≈≈≈≈≈≈≈≈≈≈≈≈≈≈((≈≈≈≈≈≈≈≈≈≈≈≈≈≈≈≈≈.,,,.≈≈≈≈≈≈...≈........#..≈≈≈≈≈≈≈≈≈
*≈≈≈≈≈≈≈≈≈≈≈≈≈≈≈≈≈≈≈≈≈≈≈≈≈≈≈≈P≈≈≈PP,,,≈≈≈.........P....≈≈...≈≈≈≈≈≈≈≈≈
*≈≈≈≈≈≈≈≈≈≈≈≈≈≈....≈≈≈≈≈≈≈≈≈≈≈≈PP.P≈≈≈≈.≈......P........≈..≈≈≈≈≈≈≈≈≈≈
*≈≈≈≈≈≈≈≈≈≈≈≈≈....(≈≈(.......P≈≈≈PP≈≈≈≈....≈P###.#.........≈≈≈≈≈≈≈≈≈≈
*≈≈≈≈≈≈≈≈≈≈≈≈≈...##.≈≈.≈.##.≈≈≈≈≈≈≈.≈≈≈...PP.###..##...≈......≈≈≈≈≈≈≈
*≈≈≈≈≈≈≈≈≈≈≈≈≈≈.###.≈≈≈≈...≈≈≈≈≈≈≈........≈≈......###..≈≈.....≈≈≈≈≈≈≈
*≈≈≈≈≈≈≈≈≈≈≈≈≈..###..≈≈....≈≈≈≈≈....,.....P≈.....P.###..≈..[....≈≈≈≈≈
*≈≈≈≈≈≈≈≈≈≈≈≈≈...[)......((.≈≈≈≈..#***#....≈≈.##.....≈....#.....≈≈≈≈≈
*≈≈≈≈≈≈≈≈≈≈≈≈≈.)....≈(..##(R≈≈...## #...≈≈≈.##.....P..........≈≈≈≈≈
*≈≈≈≈≈≈≈≈≈≈≈≈≈≈≈≈...≈≈).#((.((≈..######...≈≈≈....≈≈...≈≈≈≈≈.....P..≈≈
*≈≈≈≈≈≈≈≈≈≈≈≈≈≈≈≈.##.≈))(.##.(.....#...≈.≈≈≈≈....PP.....≈..###.....≈≈
*≈≈≈≈≈≈≈≈≈≈≈≈≈≈≈..#.≈≈≈((.#.>..≈(≈≈........≈..P...PPP.....## #.....≈≈
*≈≈≈≈≈≈≈≈≈≈≈≈≈≈≈≈≈≈≈≈≈≈≈((....≈m≈≈≈.............PPPPP.P...####......≈
*≈≈≈≈≈≈≈≈≈≈≈≈≈≈≈≈≈≈≈≈≈≈≈.((...≈≈≈≈≈...≈≈...#...≈P≈PP..m........≈≈≈..≈
*≈≈≈≈≈≈≈≈≈≈≈≈≈≈≈≈≈≈≈≈≈≈(≈(.(≈≈.≈≈≈≈≈≈≈≈≈.####...≈≈≈≈≈≈..≈......P.≈≈≈≈
*≈≈≈≈≈≈≈≈≈≈≈≈≈≈≈≈≈≈≈≈≈≈≈≈R.≈(≈).≈≈≈≈≈≈≈≈.# ###.........R..#..P..≈...
*≈≈≈≈≈≈≈≈≈≈≈≈≈≈≈≈≈≈≈≈≈≈≈≈...≈.m..≈m≈≈....######.......≈..H###.≈≈PP.P.
*≈≈≈≈≈≈≈≈≈≈≈≈≈≈≈≈≈≈≈≈≈≈≈≈m>.......≈..§.Emm.......≈≈≈≈≈≈≈mD###..≈PP...
#≈≈≈≈≈≈≈≈≈≈≈≈≈≈≈≈≈≈≈≈≈≈≈≈m(##.##....≈H##........≈≈≈≈≈≈≈≈.≈S###..)..#P
#≈≈≈≈≈≈≈≈≈≈≈#≈#≈≈≈≈≈≈≈≈≈≈.R####m.#..≈.#..≈≈≈m≈...≈≈≈m≈≈≈.E≈###.P...#.
#≈≈≈≈≈≈≈≈≈#≈≈≈≈≈#≈≈≈≈≈≈≈≈≈§§@...###.≈...≈≈≈≈P≈≈≈.≈≈≈≈≈≈≈..≈E..P.P....
#≈≈≈≈≈≈≈≈≈≈≈≈≈≈≈≈≈........§§§...# #....≈P≈P≈≈≈≈≈≈≈≈≈≈≈≈≈......<..≈...
#≈≈≈≈≈≈≈#≈≈≈≈≈≈≈..#.....#..###### #....P≈P≈≈≈≈≈≈≈≈≈≈≈≈≈≈≈≈....≈≈P≈≈..
#≈≈≈≈≈≈≈≈≈≈≈≈≈≈≈........#### ##.#..≈≈≈≈≈≈≈≈≈≈≈≈≈≈≈≈≈≈≈≈≈≈≈....≈≈
#≈≈≈≈≈≈#≈≈≈≈≈≈≈≈≈..#....# #...≈≈P≈≈≈≈≈≈≈≈≈≈≈≈≈≈≈≈≈≈≈≈≈...≈≈≈
#≈≈≈≈≈≈≈≈≈≈≈≈≈≈≈≈.......# ##PPP.P≈P≈≈≈≈≈≈≈≈≈≈≈≈≈≈≈≈≈≈≈≈..≈≈≈≈
#≈≈≈≈≈≈#≈≈≈≈≈≈≈≈≈..#....## #######..P≈P≈≈≈≈≈≈≈≈≈≈≈≈≈≈≈≈≈≈≈≈≈≈≈≈≈≈.≈≈
#≈≈≈≈≈≈≈≈≈.≈≈≈≈≈.........####.......≈PP≈P≈≈≈≈≈≈≈≈≈≈≈≈≈≈≈≈≈≈≈≈≈≈≈≈..P≈
#≈≈≈≈≈≈≈#≈≈≈≈≈≈≈≈.#...........≈≈≈.≈≈≈≈≈≈≈≈≈≈≈≈≈≈≈≈≈≈≈≈≈≈≈≈≈≈≈≈....≈PP
#≈≈≈≈≈≈≈≈≈≈≈≈†≈≈≈........≈≈≈≈≈≈≈≈≈≈≈≈≈≈≈≈≈≈≈≈≈≈≈≈≈≈≈≈,,≈≈≈≈≈≈,,,,≈≈≈≈
#≈≈≈≈≈≈≈≈≈#≈≈≈≈≈#.......≈≈≈≈≈≈≈≈≈≈≈≈≈≈≈≈≈≈≈≈≈≈≈≈≈≈≈≈≈,,,≈≈≈≈≈,***,≈≈≈
#≈≈≈≈≈≈≈≈≈≈≈#≈#≈........≈≈≈≈≈≈≈≈≈≈≈≈≈≈≈≈≈≈≈≈≈≈≈≈≈≈,≈≈,,≈≈≈,,,,* *,≈≈≈
#≈≈≈≈≈≈≈≈≈≈≈≈≈≈........>≈≈≈≈≈.≈≈≈≈≈≈≈≈≈≈P≈≈≈≈≈≈≈≈≈≈≈≈,≈≈≈≈,,,,***,,≈≈
*≈≈≈≈≈≈≈≈≈≈≈≈≈≈≈.......≈≈≈.≈≈.≈≈≈≈...≈≈≈≈≈≈≈≈≈≈≈≈≈≈≈≈≈≈≈≈≈≈,,,,,,,,≈≈
*≈≈≈≈≈≈≈≈≈≈≈≈≈≈≈..##..##...≈≈≈≈≈≈≈PPP..≈≈.≈≈≈≈≈≈≈,≈,≈≈≈≈≈≈≈≈≈,,,,,≈≈≈
*≈≈≈≈≈≈≈≈≈≈≈≈≈≈≈..#....##..≈≈≈≈≈.P...PP.≈≈≈≈≈≈≈≈≈,,,,≈≈≈≈≈≈≈,,,,,≈≈≈≈
*≈≈≈≈≈≈≈≈≈≈≈≈≈≈≈≈.........≈..≈≈≈≈.###...≈≈≈≈≈≈≈≈,,,,,≈≈≈≈≈≈,,≈≈≈,,,,,
*≈≈≈≈≈≈≈≈≈≈≈≈≈≈≈≈≈≈.....PP.P..P≈.P###...≈≈≈≈≈≈≈,,,,≈≈≈≈≈≈≈≈,,,,,,,,,,
*≈≈≈≈≈≈≈≈≈≈≈≈≈≈≈≈≈≈≈≈≈...≈≈..P≈≈≈PP#..P.≈≈≈≈≈≈≈≈≈≈≈≈≈≈≈≈≈≈≈,,,***,,,,
*≈≈≈≈≈≈≈≈≈≈≈≈≈≈≈≈≈≈≈≈≈≈≈..P≈≈≈≈PPPPPP..≈P≈≈≈≈≈≈≈≈≈≈≈≈,,,,,,,,,**,***,
*≈≈≈≈≈≈≈≈≈≈≈≈≈≈≈≈≈≈......##.≈≈PP.PPPP≈≈≈P≈≈≈≈≈≈≈≈,,,,,,***,,,,,,,***,
*≈≈≈≈≈≈≈≈≈≈≈≈≈≈≈≈≈≈≈....)R###..PPP≈≈P≈P≈≈≈≈≈≈≈≈≈,,,,,,,* **,,,,,,,*,,
*≈≈≈≈≈≈≈≈≈≈≈≈≈≈≈≈≈≈≈≈≈≈≈...##...PP.≈≈≈≈≈≈≈≈≈≈≈≈≈≈,≈,,,,***,,,,≈,,,,,,
*≈≈≈≈≈≈≈≈≈≈≈≈≈≈≈≈≈≈≈≈≈≈≈.>...≈≈.P.≈.≈≈≈≈≈≈≈≈≈≈≈≈≈≈≈,,,,,,,,,≈≈≈,,,,,,
*≈≈≈≈≈≈≈≈≈≈≈≈≈≈≈≈≈≈≈≈≈......≈≈≈..P≈≈≈≈≈≈≈≈≈≈≈≈≈≈≈≈≈,,,,,,,,≈≈≈≈≈,,,,≈
*≈≈≈≈≈≈≈≈≈≈≈≈≈≈≈≈≈≈≈≈≈≈≈.....≈≈..≈≈≈≈≈≈≈≈≈≈≈≈≈≈≈≈≈,,,,,,,≈≈≈≈≈≈≈≈≈≈≈≈
*≈≈≈≈≈≈≈≈≈≈≈≈≈≈≈≈≈≈≈≈≈≈≈≈≈....≈...≈≈≈≈≈≈≈≈≈≈≈≈≈≈≈≈,,*,,,≈≈≈≈≈≈≈≈≈≈≈≈≈
*≈≈≈≈≈≈≈≈≈≈≈≈≈≈≈≈≈≈≈≈≈≈≈≈≈.≈≈≈...≈≈≈≈≈≈≈≈≈≈≈≈≈≈≈≈≈,,,,,≈≈≈≈≈≈≈≈≈≈≈≈≈≈
*≈≈≈≈≈≈≈≈≈≈≈≈≈≈≈≈≈≈≈≈≈≈≈≈≈≈≈≈≈...≈≈≈≈≈≈≈≈≈≈≈≈≈≈≈≈≈≈,,,,≈≈≈≈≈≈≈≈≈≈≈≈≈≈
*≈≈≈≈≈≈≈≈≈≈≈≈≈≈≈≈≈≈≈≈≈≈≈≈≈≈≈≈≈≈≈≈≈≈≈≈≈≈≈≈≈≈≈≈≈≈≈≈≈≈≈,,,,≈≈≈≈≈≈≈≈≈≈≈≈≈
*≈≈≈≈≈≈≈≈≈≈≈≈≈≈≈≈≈≈≈≈≈≈≈≈≈≈≈≈≈≈≈≈≈≈≈≈≈≈≈≈≈≈≈≈≈≈≈≈≈≈≈≈≈≈≈≈≈≈≈≈≈≈≈≈≈≈≈≈
*≈≈≈≈≈≈≈≈≈≈≈≈≈≈≈≈≈≈≈≈≈≈≈≈≈≈≈≈≈≈≈≈≈≈≈≈≈≈≈≈≈≈≈≈≈≈≈≈≈≈≈≈≈≈≈≈≈≈≈≈≈≈≈≈≈≈≈≈
*≈≈≈≈≈≈≈≈≈≈≈≈≈≈≈≈≈≈≈≈≈≈≈≈≈≈≈≈≈≈≈≈≈≈≈≈≈≈≈≈≈≈≈≈≈≈≈≈≈≈≈≈≈≈≈≈≈≈≈≈≈≈≈≈≈≈≈≈
*≈≈≈≈≈≈≈≈≈≈≈≈≈≈≈≈≈≈≈≈≈≈≈≈≈≈≈≈≈≈≈≈≈≈≈≈≈≈≈≈≈≈≈≈≈≈≈≈≈≈≈≈≈≈≈≈≈≈≈≈≈≈≈≈≈≈≈≈


You could see the friendly Takurtum the hexer (inner flame), a merfolk impaler
(inner flame) and a merfolk (inner flame).

Vanquished Creatures
  A kraken (Shoals:1)
  Gastronok (Lair:2)
  A hydra (Lair:1)
  2 merfolk aquamancers
  An unseen horror (D:10)
  3 sea snakes (Shoals:1)
  7 harpies (Shoals:2)
  A hill giant (D:10)
  Pikel (D:4)
  3 manticores
  A cyclops (D:10)
  4 fauns (Shoals:1)
  5 water nymphs
  3 sirens (Shoals:1)
  A gargoyle (D:10)
  5 spiny frogs
  3 komodo dragons (Lair:1)
  2 merfolk
  3 two-headed ogres
  6 blink frogs (Lair:2)
  3 snapping turtles
  6 hippogriffs
  5 water elementals
  16 yaks
  Sigmund (D:4)
  A basilisk (Lair:1)
  3 water moccasins
  2 hell hounds (D:8)
  2 orc warriors
  6 porcupines
  3 black bears
  4 ice beasts
  2 ogres
  2 phantoms
  3 centaurs
  3 crocodiles
  A big kobold (D:10)
  7 bullfrogs
  A water moccasin zombie (D:6)
  3 scorpions
  A water moccasin skeleton (D:9)
  3 wights (D:10)
  4 crimson imps
  5 howler monkeys
  A lava snake (D:10)
  A hound (D:5)
  4 jellies
  6 orc priests
  9 orc wizards
  7 iguanas
  5 worker ants
  A killer bee zombie (D:7)
  A hound zombie (D:9)
  A hound skeleton (D:8)
  2 gnolls (D:8)
  7 adders
  2 shadow imps
  3 oozes (D:8)
  3 adder skeletons
  3 adder zombies
  3 worms
  3 dart slugs
  5 leopard geckos
  35 orcs
  8 bats
  6 giant cockroaches
  6 goblins
  3 hobgoblins
  10 jackals
  4 quokkas
  5 frilled lizards
  2 jackal skeletons (D:4)
  6 kobolds
  A quokka zombie (D:9)
  5 rats
  A plant (Shoals:1)
  A tentacle (Shoals:1)
301 creatures vanquished.

Vanquished Creatures (collateral kills)
  2 hydras
  2 fauns (Shoals:1)
  2 black mambas (Lair:2)
  A water nymph (Shoals:1)
  4 blink frogs (Lair:2)
  2 hippogriffs
  2 yaks
  A water moccasin (Lair:1)
  A hornet zombie (D:9)
  An ogre (D:10)
  A phantom (D:9)
  2 crocodiles
  A scorpion (D:8)
  A wight (D:10)
  2 hounds
  A jelly (D:10)
  An orc priest (D:7)
  2 bullfrog skeletons
  A shadow imp (D:8)
  2 oozes (D:8)
  2 orcs (D:6)
  A giant cockroach (D:7)
  A tentacle (Shoals:1)
36 creatures vanquished.

Vanquished Creatures (others)
  A slave (D:4)
  A hound (D:4)
  An orc wizard (D:4)
  2 ancestors (D:8)
  10 hexers
  A gnoll (D:8)
  2 orcs
  3 fungi
  11 plants
  28 tentacles (Shoals:1)
60 creatures vanquished.

Grand Total: 397 creatures vanquished

Notes
Turn   | Place    | Note
-------+----------+-------------------------------------------
     0 | D:1      | lanroth the Hill Orc Fighter began the quest for the Orb.
     0 | D:1      | Reached XP level 1. HP: 19/19 MP: 1/1
    79 | D:1      | Reached XP level 2. HP: 14/27 MP: 2/2
   710 | D:2      | Reached XP level 3. HP: 30/33 MP: 3/3
  1270 | D:2      | Reached XP level 4. HP: 40/40 MP: 4/4
  1708 | D:3      | Noticed an ice beast
  2008 | D:3      | HP: 1/40 [ice beast (10)]
  2010 | D:3      | Killed an ice beast
  2010 | D:3      | Reached skill level 1 in Throwing
  2010 | D:3      | Reached skill level 4 in Shields
  2010 | D:3      | Reached XP level 5. HP: 2/46 MP: 5/5
  2739 | D:3      | Reached XP level 6. HP: 49/53 MP: 6/6
  2990 | D:4      | Found a glowing golden altar of the Shining One.
  3060 | D:4      | Noticed a slave
  3061 | D:4      | Noticed a slave
  3061 | D:4      | Noticed Pikel
  3061 | D:4      | Noticed a slave
  3065 | D:4      | Noticed a slave
  3094 | D:4      | Killed Pikel
  3094 | D:4      | Reached skill level 5 in Fighting
  3094 | D:4      | Reached skill level 1 in Dodging
  3094 | D:4      | Reached XP level 7. HP: 27/61 MP: 7/7
  3342 | D:4      | Got an ichor-stained dagger
  3343 | D:4      | Identified the cursed +1 dagger "Kueckoll" {freeze, *Rage Str+4 Int+2} (You found it on level 4 of the Dungeon)
  3419 | D:4      | Noticed Sigmund
  3439 | D:4      | Killed Sigmund
  3439 | D:4      | Reached skill level 5 in Armour
  3439 | D:4      | Reached XP level 8. HP: 69/69 MP: 8/8
  3622 | D:4      | Reached skill level 5 in Shields
  4008 | D:5      | Entered Level 5 of the Dungeon
  4041 | D:5      | Found Varoejuk's Distillery.
  4076 | D:5      | Found a deep blue altar of Sif Muna.
  4121 | D:5      | Bought a potion of heal wounds for 65 gold pieces
  4121 | D:5      | Bought a potion of might for 52 gold pieces
  4508 | D:5      | Reached skill level 1 in Short Blades
  4573 | D:5      | You fall through a shaft for 3 floors!
  4573 | D:8      | Noticed a hippogriff
  4598 | D:8      | Killed a hippogriff
  4720 | D:8      | Reached skill level 6 in Shields
  4720 | D:8      | Reached skill level 1 in Unarmed Combat
  4923 | D:8      | Found a staircase to the Lair.
  5035 | D:8      | Reached XP level 9. HP: 75/75 MP: 9/9
  5482 | D:5      | Reached skill level 7 in Shields
  6165 | D:6      | Found a staircase to the Ecumenical Temple.
  6179 | D:6      | Found a hazy altar of Hepliaklqana.
  6186 | D:6      | Became a worshipper of Hepliaklqana the Forgotten
  6430 | D:6      | Found an opulent altar of Gozag.
  6430 | D:6      | Found a radiant altar of Vehumet.
  6584 | D:6      | Reached skill level 1 in Stealth
  6758 | Lair:1   | Entered Level 1 of the Lair of Beasts
  6788 | Lair:1   | Reached skill level 8 in Shields
  6892 | D:8      | Reached skill level 5 in Short Blades
  6892 | D:8      | Reached XP level 10. HP: 74/75 MP: 10/10
  7298 | D:8      | Reached skill level 9 in Shields
  7963 | D:7      | Found a shadowy altar of Dithmenos.
  7994 | D:7      | Reached * piety under Hepliaklqana
  8386 | D:7      | Got a scorched falchion
  8395 | D:7      | Identified the +12 falchion "Goblinbane" {flame, MR+} (You found it on level 7 of the Dungeon)
  8961 | D:9      | Found Qergh's Quality Used Wands.
  9115 | D:9      | Found a staircase to the Orcish Mines.
  9236 | D:9      | Found Dubbyliaff's Armour Boutique.
  9241 | D:9      | Bought a +0 helmet of see invisible for 184 gold pieces
  9274 | D:9      | Reached skill level 1 in Long Blades
  9370 | D:9      | Reached XP level 11. HP: 81/82 MP: 11/11
  9677 | D:10     | Entered Level 10 of the Dungeon
  9758 | D:10     | Noticed a hill giant
  9763 | D:10     | Killed a hill giant
  9763 | D:10     | Reached skill level 10 in Shields
  9822 | D:10     | Reached ** piety under Hepliaklqana
  9936 | D:10     | Remembered your ancestor Takurtum as a hexer
 10154 | D:10     | Reached *** piety under Hepliaklqana
 10155 | D:10     | Noticed a cyclops
 10164 | D:10     | Killed a cyclops
 10413 | D:10     | Noticed an unseen horror
 10420 | D:10     | Killed an unseen horror
 10447 | D:10     | Reached skill level 5 in Long Blades
 10746 | Lair:1   | Noticed an eight-headed hydra
 10765 | Lair:1   | Killed an eight-headed hydra
 11365 | Lair:1   | Noticed a five-headed hydra
 11375 | Lair:1   | Killed a five-headed hydra
 11436 | Lair:1   | Reached skill level 5 in Throwing
 11436 | Lair:1   | Reached skill level 11 in Shields
 11572 | Lair:1   | Reached XP level 12. HP: 88/92 MP: 12/12
 12053 | Lair:2   | Noticed a six-headed hydra
 12272 | Lair:2   | Killed a six-headed hydra
 12403 | Lair:2   | Reached **** piety under Hepliaklqana
 12450 | Lair:2   | Found a staircase to the Shoals.
 13090 | Lair:2   | Noticed Gastronok
 13141 | Lair:2   | Killed Gastronok
 13154 | Lair:2   | Reached skill level 10 in Armour
 13671 | Orc:1    | Entered Level 1 of the Orcish Mines
 13673 | Orc:1    | Noticed an orc warlord
 14169 | Shoals:1 | Entered Level 1 of the Shoals
 14289 | Shoals:1 | Reached XP level 13. HP: 69/99 MP: 13/13
 14485 | Shoals:1 | Reached skill level 12 in Shields
 14861 | Shoals:2 | Reached skill level 10 in Fighting
 14866 | Shoals:2 | Reached skill level 10 in Long Blades
 16588 | Shoals:1 | Noticed a kraken
 16688 | Shoals:1 | Killed a kraken
 16869 | Shoals:1 | Noticed a merfolk impaler
 16905 | Shoals:2 | Noticed Kirke
 16905 | Shoals:2 | Noticed Frances
 16906 | Shoals:2 | Noticed Polyphemus
 16922 | Shoals:1 | HP: 2/102 [merfolk/trident (12)]
 16925 | Shoals:1 | Killed from afar by a merfolk

Skill      XL: |  1  2  3  4  5  6  7  8  9 10 11 12 13 |
---------------+----------------------------------------+-----
Fighting       | 4 5 6 7 8 9 10 | 10.6
Maces & Flails | 3 4 6 7 |  7.1
Throwing       | 1 2 3 4 5 6 |  6.5
Armour         | 4 5 6 7 8 10 | 10.9
Shields        | 4 6 8 9 11 12 | 12.7
Dodging        | 1 2 |  2.2
Short Blades   | 2 5 6 |  6.8
Unarmed Combat | 1 |  1.0
Stealth        | 1 2 3 |  3.4
Long Blades    | 1 6 9 11 | 11.1
Slings         | |  0.3

Action                   |  1- 3 |  4- 6 |  7- 9 | 10-12 | 13-15 || total
-------------------------+-------+-------+-------+-------+-------++-------
Melee: Flail             |   138 |   156 |    22 |       |       ||   316
       Dagger            |       |       |   484 |   202 |       ||   686
       Unarmed           |       |       |    39 |       |       ||    39
       Falchion          |       |       |       |   358 |   219 ||   577
       Mace              |       |       |       |    27 |       ||    27
 Fire: Hunting sling     |     4 |       |       |       |       ||     4
Throw: Stone             |    16 |       |    50 |    86 |    74 ||   226
       Tomahawk          |     2 |    16 |    26 |       |    20 ||    64
Invok: Recall Ancestor   |       |       |       |     1 |       ||     1
       Ancestor Life: He |       |       |       |     1 |       ||     1
Evoke: Wand              |       |       |       |       |     3 ||     3
  Use: Scroll            |       |       |    12 |    11 |     4 ||    27
       Potion            |       |       |    12 |     5 |    12 ||    29
 Stab: Invisible         |       |       |     2 |       |       ||     2
       Distracted        |       |       |       |     9 |     1 ||    10
       Confused          |       |       |       |     1 |       ||     1
  Eat: Chunk             |     1 |     1 |     6 |    12 |     5 ||    25
       Meat ration       |       |     1 |     1 |     2 |     1 ||     5
       Beef jerky        |       |       |     1 |     3 |       ||     4
       Pizza             |       |       |     1 |       |       ||     1
Armor: Scale mail        |    68 |       |       |       |       ||    68
       Chain mail        |    17 |    67 |    66 |       |       ||   150
       Plate armour      |       |       |   101 |   233 |    78 ||   412
Dodge: Dodged            |    44 |    28 |    92 |   104 |   146 ||   414
Block: Shield            |    96 |    72 |   259 |   347 |   209 ||   983
       Rpst.: Falchion   |       |       |       |    19 |    23 ||    42
